Map: Dusk Towers

Players

Kong

  • Race: Protoss Protoss
  • League: Master

blinx - Winner!

  • Race: Protoss Protoss
  • League: Diamond

VOD

Have the link to the VOD?

Description

Time

  • Played on: March 10, 2016, 10:35 p.m.
  • Length: 3:30
Show
View Real Time Build Order
Export as new Build Order

Kong Protoss 

Build Orders:  

Get SALT Encoding   

  12  0:01  Probe (Chrono Boost)  
  13  0:12  Probe (Chrono Boost)  
  14  0:18  Pylon  
  14  0:23  Probe (Chrono Boost)  
  15  0:37  Probe (Chrono Boost)  
  15  0:38  Gateway  
  16  0:47  Assimilator  
  16  0:48  Probe (Chrono Boost)  
  17  0:59  Probe (Chrono Boost)  
  17  1:04  Gateway  
  18  1:09  Probe (Chrono Boost)  
  19  1:12  Assimilator  
  19  1:20  Probe (Chrono Boost)  
  19  1:24  Zealot (Chrono Boost)  
  22  1:36  Probe  
  23  1:42  Cybernetics Core  
  23  1:58  Probe  
  23  2:06  Pylon, Assimilator  
  23  2:17  Pylon  
  23  2:26  Stalker (Chrono Boost)  
  23  2:29  Mothership Core (Chrono Boost)  
  24  2:38  Pylon  
  19  2:55  Probe (Chrono Boost)  
  19  2:56  Stalker  
  20  3:11  Mothership Core (Chrono Boost)  
Show
View Real Time Build Order
Export as new Build Order

blinx Protoss - Winner!

Build Orders: Cannon Rush 

Get SALT Encoding   

  12  0:01  Probe (Chrono Boost)  
  13  0:17  Pylon  
  13  0:20  Probe (Chrono Boost)  
  14  0:35  Forge  
  14  0:38  Probe (Chrono Boost)  
  15  0:49  Probe (Chrono Boost)  
  16  1:04  Pylon  
  16  1:16  Pylon  
  16  1:25  Pylon  
  16  1:27  Photon Cannon  
  16  1:28  Photon Cannon  
  16  1:51  Photon Cannon  
  16  1:57  Photon Cannon  
  16  2:00  Photon Cannon  
  16  2:07  Pylon  
  16  2:15  Photon Cannon  
  16  2:22  Pylon  
  16  2:36  Photon Cannon  
  16  2:43  Photon Cannon  
  16  2:52  Pylon  
  16  3:06  Photon Cannon  
  16  3:13  Photon Cannon  
  16  3:23  Photon Cannon  
Tags
 
Add a new tag
Caveats
  • Supply blocks, unpowered buildings, or Contaminate may cause inaccurate times.
  • Supply counts are checked every 10 seconds.